 Dungeon Crawl Stone Soup version 0.22-a0-355-g201945fe43 (webtiles) character file.

522 KleinerIrrer the Chopper (level 7, -3/55 HPs)
             Began as a Formicid Fighter on Apr 18, 2018.
             Slain by a worker ant (5 damage)
             ... on level 4 of the Dungeon.
             The game lasted 00:01:26 (3970 turns).

KleinerIrrer the Chopper (Formicid Fighter)         Turns: 3970, Time: 00:01:26

Health: -3/55      AC:  9    Str: 23    XL:     7   Next: 46%
Magic:  7/7        EV:  6    Int:  7    God:
Gold:   159        SH:  9    Dex: 10    Spells: 6/6 levels left

rFire    . . .     SeeInvis +   Y - +1 war axe
rCold    + . .     Gourm    .   c - +0 shield
rNeg     . . .     Faith    .   p - +0 chain mail
rPois    .         Spirit   .   (helmet unavailable)
rElec    .         Reflect  .   (no cloak)
rCorr    .         Harm     .   (no gloves)
MR       .....                  (no boots)
Stlth    ..........             (no amulet)
HPRegen  0.18/turn              l - ring of protection from cold
MPRegen  0.10/turn              (no ring)

@: no status effects
A: permanent stasis, dig shafts and tunnels, four strong arms, antennae 3
a: Dig, Shaft Self


You were on level 4 of the Dungeon.
You were not hungry.

You visited 1 branch of the dungeon, and saw 4 of its levels.

You collected 159 gold pieces.


Innate Abilities, Weirdness & Mutations

You cannot be hasted, slowed, berserked, paralysed or teleported.
You can dig through walls and to a lower floor.
Your four strong arms can wield two-handed weapons with a shield.
You have a pair of large antennae on your head. (SInv)


   Skills:
 - Level 4.7 Fighting
 + Level 6.5 Axes
 - Level 3.2 Armour
 - Level 1.1 Dodging
 - Level 4.2 Shields


You had 6 spell levels left.
You didn't know any spells.

Inventory:

Hand Weapons
 o - a +0 flail
 Y - a +1 war axe (weapon)
Missiles
 j - 4 tomahawks of returning (quivered)
Armour
 c - a +0 shield (worn)
 p - a +0 chain mail (worn)
Jewellery
 g - a cursed ring of ice
 l - a ring of protection from cold (left hand)
Scrolls
 k - a scroll of identify
 n - a scroll of remove curse {unknown}
Potions
 a - a potion of haste
 d - a potion of might
 e - a potion of lignification {unknown}
 i - a potion of degeneration {unknown}
 m - a potion of curing {unknown}
Comestibles
 f - 7 rations

Dungeon Overview and Level Annotations

Branches:
Dungeon (4/15)
 Temple: D:4-7

Altars:
Elyvilon
Hepliaklqana
Makhleb
Ru
Trog
Wu Jian

Annotations:
D:1 1 runed door


Message History

You block the orc's attack. You block the orc warrior's attack.
The orc drinks a potion.
The orc flickers and vanishes for a moment.
The orc hits you but does no damage.
You hit the orc warrior.
The orc warrior is severely wounded.
You slash the orc!
You kill the orc!
The orc warrior hits you with a mace! You block the worker ant's attack.
Your chain mail prevents you from hitting the orc warrior.
The orc warrior is severely wounded.
You closely miss the worker ant. The orc warrior hits you with a mace!
The worker ant bites you but does no damage.
You hit the orc warrior.
The orc warrior is almost dead.
You hit the worker ant but do no damage.
The worker ant bites you. The orc warrior hits you with a mace!
The worker ant bites you.
You die...

.# ... #.## # ... #
#.##.##.#
###.#.#...#.#.#
#...ooao_...... #
#@..# # #.##.##.#
#...(...# ###
#.####.####.# ... #.
#...........# ### #.
######.###############
#.# #..#.............
#.. ##.#.############
#.#######.#.#


You could see an orc warrior, a worker ant, an orc wizard and an orc
(invisible).

Vanquished Creatures
  A phantom (D:4)
  A scorpion (D:4)
  2 hounds (D:4)
  An orc priest (D:3)
  2 orc wizards (D:3)
  2 worker ants
  4 gnolls (D:3)
  5 adders
  2 oozes
  3 worms
  3 dart slugs
  A leopard gecko (D:3)
  9 orcs
  2 ball pythons
  11 bats
  7 giant cockroaches
  7 goblins
  2 hobgoblins (D:3)
  8 jackals
  3 quokkas
  3 frilled lizards
  4 kobolds
  5 rats
88 creatures vanquished.

Vanquished Creatures (others)
  An adder (D:3)
  A leopard gecko (D:3)
  An orc (D:3)
3 creatures vanquished.

Grand Total: 91 creatures vanquished

Notes
Turn   | Place    | Note
-------+----------+-------------------------------------------
     0 | D:1      | KleinerIrrer the Formicid Fighter began the quest for the Orb.
     0 | D:1      | Reached XP level 1. HP: 18/18 MP: 1/1
     0 | D:1      | 0 ||| counter = 2
     1 | D:1      | Found a runed door.
   120 | D:1      | Reached XP level 2. HP: 24/24 MP: 2/2
   303 | D:1      | Reached skill level 3 in Axes
   707 | D:1      | Reached XP level 3. HP: 29/29 MP: 3/3
   815 | D:1      | 815 ||| READING scroll labeled ZYIDEPS YHETESE.
   816 | D:1      | 816 ||| READING scroll labeled JIB UNNOIS.
   817 | D:1      | 817 ||| READING 3 scrolls labeled QIUCANU PO DIRGH.
   818 | D:1      | 818 ||| DROPPING 2 scrolls of amnesia.
   832 | D:2      | 832 ||| STAIRDANCE
  1032 | D:2      | Reached skill level 4 in Axes
  1032 | D:2      | Reached XP level 4. HP: 35/35 MP: 4/4
  1175 | D:2      | Found a bloodstained altar of Trog.
  1184 | D:2      | Found an ornate altar of the Wu Jian Council.
  1606 | D:2      | 1606 ||| READING scroll labeled OCUAGR NEDDE.
  1607 | D:2      | 1607 ||| READING scroll of identify.
  1607 | D:2      | 1607 ||| IDENTIFYING scratched moonstone ring
  1608 | D:2      | 1608 ||| UPGRADING to ring of protection from cold.
  1622 | D:3      | 1622 ||| STAIRDANCE
  1705 | D:3      | Reached XP level 5. HP: 41/41 MP: 5/5
  1770 | D:3      | Reached skill level 5 in Axes
  1916 | D:3      | 1916 ||| DROPPING club.
  1943 | D:3      | Reached skill level 1 in Dodging
  1948 | D:3      | Reached XP level 6. HP: 34/47 MP: 6/6
  2078 | D:3      | 2078 ||| DROPPING whip.
  2213 | D:3      | Found a white marble altar of Elyvilon.
  2217 | D:3      | 2217 ||| STAIRDANCE
  2277 | D:2      | 2277 ||| UPGRADING to chain mail.
  2287 | D:2      | 2287 ||| DROPPING +0 scale mail.
  2288 | D:2      | 2288 ||| READING scroll labeled BAHIRE PUPTIF.
  2297 | D:3      | 2297 ||| STAIRDANCE
  3174 | D:3      | 3174 ||| READING 3 scrolls of identify.
  3174 | D:3      | 3174 ||| IDENTIFYING small sapphire ring
  3175 | D:3      | 3175 ||| READING 2 scrolls of identify.
  3175 | D:3      | 3175 ||| IDENTIFYING smoky amethyst potion
  3235 | D:4      | Reached skill level 6 in Axes
  3290 | D:4      | Noticed a phantom
  3311 | D:4      | 3311 ||| STAIRDANCE
  3340 | D:3      | 3340 ||| READING scroll labeled CEERPH MEOMO.
  3345 | D:4      | 3345 ||| STAIRDANCE
  3428 | D:4      | 3428 ||| STAIRDANCE
  3517 | D:4      | Killed a phantom
  3517 | D:4      | Reached XP level 7. HP: 52/55 MP: 7/7
  3614 | D:4      | Found a hazy altar of Hepliaklqana.
  3651 | D:4      | Found a burning altar of Makhleb.
  3959 | D:4      | Found a sacrificial altar of Ru.
  3970 | D:4      | HP: 12/55 [worker ant (4)]
  3970 | D:4      | HP: 2/55 [orc warrior/mace (10)]
  3970 | D:4      | Slain by a worker ant

Vault maps used:
D:1:      dpeg_arrival_caged_fury, roderic_roman_lattice
D:2:      gammafunk_temple_overflow_pools, minmay_misc_feat_tower
D:3:      elyvilon_altar_4
D:4:      nicolae_overflow_crystal_walls, bloody_makhleb,
          nicolae_ru_sacrificial_ziggurat, first_ration, serial_shops, shop,
          kennysheep_generic_room_6

Skill      XL: |  1  2  3  4  5  6 |
---------------+-------------------+-----
Axes           | 3 4 5 6 |  6.5
Dodging        | 1 |  1.1
Shields        | 4 |  4.2
Fighting       | 4 |  4.7
Armour         | |  3.2

Action                   |  1- 3 |  4- 6 |  7- 9 || total
-------------------------+-------+-------+-------++-------
Melee: War axe           |    89 |   209 |    33 ||   331
Throw: Tomahawk          |       |    13 |     5 ||    18
  Use: Scroll            |     3 |     6 |       ||     9
  Eat: Chunk             |     1 |     7 |     2 ||    10
Armor: Scale mail        |    35 |    34 |       ||    69
       Chain mail        |       |    49 |     7 ||    56
Dodge: Dodged            |    29 |    78 |     6 ||   113
Block: Shield            |    48 |   130 |    18 ||   196

Table legend:
 A = Spawn XP
 B = Non-spawn XP
 C = Spawn XP percentage of total XP
 D = Spawn monster count
 E = Non-spawn monster count
 F = Spawn count percentage of total count
 G = Total turns spent on level
                    A         B        C        D         E        F      G
               +---------+---------+-------+---------+---------+-------+---------
         Total |       0 |     747 |   0.0 |       0 |      88 |   0.0 |  3970
               +---------+---------+-------+---------+---------+-------+---------
           D:1 |       0 |      32 |   0.0 |       0 |      17 |   0.0 |   838
           D:2 |       0 |     104 |   0.0 |       0 |      22 |   0.0 |  1006
           D:3 |       0 |     261 |   0.0 |       0 |      35 |   0.0 |  1537
           D:4 |       0 |     350 |   0.0 |       0 |      14 |   0.0 |   589
               +---------+---------+-------+---------+---------+-------+---------
